 Dungeon Crawl Stone Soup version 0.27-a0-1595-g0b823d0a13 (webtiles) character file.

Game seed: 15016754223817788109

15 flotson the Sneak (level 2, -2/24 HPs)
             Began as a Demonspawn Delver on July 20, 2021.
             Slain by a river rat (4 damage)
             ... in a sewer.
             The game lasted 00:02:07 (627 turns).

flotson the Sneak (Demonspawn Delver)                Turns: 627, Time: 00:02:07

Health: -2/24      AC:  4    Str: 12    XL:     2   Next: 34%
Magic:  2/2        EV: 12    Int: 11    God:
Gold:   20         SH:  4    Dex: 14    Spells: 1/1 levels left

rFire    . . .     SeeInvis .   a - +0 hand axe
rCold    . . .     Faith    .   (no shield)
rNeg     . . .     Spirit   .   b - +1 leather armour
rPois    .         Reflect  .   (no helmet)
rElec    .         Harm     .   (no cloak)
rCorr    .         Rampage  .   (no gloves)
Will     .....                  (no boots)
Stlth    ++........             (no amulet)
HPRegen  0.08/turn              (no ring)
MPRegen  0.08/turn              (no ring)

@: no status effects
A: condensation shield
a: no special abilities


You were in a sewer.
You visited 1 branch of the dungeon, and saw 2 of its levels.
You also visited: Sewer.

You collected 20 gold pieces.

Inventory:

Hand Weapons
 a - a +0 hand axe (weapon)
Armour
 b - a +1 leather armour (worn)
Wands
 g - a wand of digging (3)


   Skills:
 + Level 3.2 Fighting
 + Level 2.0 Axes
 + Level 0.6 Armour
 + Level 2.0 Dodging
 - Level 4.5 Stealth


You had one spell level left.
You didn't know any spells.
Your spell library was empty.

Dungeon Overview and Level Annotations

Branches:
Dungeon (5/15)              Sewer (1/1)
 Temple: D:4-7

Altars:


Innate Abilities, Weirdness & Mutations

A meltable shield of frost defends you. (SH +4)


Message History

Press: ? - help, Dir - move target
As you read the scroll labelled EWKEIT KIRE, it crumbles to dust.
It was a scroll of blinking.
You enter the shallow water.
Moving in this stuff is going to be slow.
Okay, then.
You aren't carrying any potions.
Unknown command.
As you read the scroll labelled GUANWO ROPIX, it crumbles to dust.
It is a scroll of enchant armour.
Your +0 leather armour glows green for a moment.
The river rat bites you.
* * * LOW HITPOINT WARNING * * *
You barely miss the river rat.
The river rat is lightly wounded.
The river rat closely misses you. The river rat bites you.
* * * LOW HITPOINT WARNING * * *
Blink to where?
Press: ? - help, Dir - move target
As you read the scroll of blinking, it crumbles to dust.
As you read the scroll of fog, it crumbles to dust.
The scroll dissolves into smoke.
You enter the shallow water.
Moving in this stuff is going to be slow.
There is an empty arch of ancient stone here.
You hit the river rat.
The river rat is lightly wounded.
The river rat bites you.
* * * LOW HITPOINT WARNING * * *
The river rat barely misses you.
You closely miss the river rat.
The river rat is lightly wounded.
The river rat barely misses you.
You hit the river rat.
The river rat is moderately wounded.
The river rat closely misses you.
You hit the river rat but do no damage.
The river rat is moderately wounded.
The river rat bites you.
You die...

# # # # # #
##################
#∩.≈≈§§§§§≈≈≈r≈≈≈≈
#@r≈≈§§§§§....≈≈≈≈
##################


You could see a river rat.

Vanquished Creatures
  An adder (Sewer)
  A quokka (D:5)
  4 ball pythons
  2 frilled lizards (Sewer)
  A rat (Sewer)
9 creatures vanquished.

Notes
Turn   | Place    | Note
-------+----------+-------------------------------------------
     0 | D:5      | flotson the Demonspawn Delver began the quest for the Orb.
     0 | D:5      | Reached XP level 1. HP: 18/18 MP: 1/1
    16 | D:5      | Noticed a scorpion
    22 | D:4      | Noticed an orc wizard
    79 | D:4      | Found a glowing drain.
    92 | Sewer    | Entered a sewer
   316 | Sewer    | Gained mutation: A meltable shield of frost defends you.
                  | (SH +4) [demonic ancestry]
   316 | Sewer    | Reached XP level 2. HP: 11/24 MP: 2/2
   624 | Sewer    | HP: 1/24 [river rat (2)]
   627 | Sewer    | Slain by a river rat

Illustrated notes

Levels and vault maps discovered:
D:4:      layout_cave_pods, portal_sewer_entry_a
D:5:      layout_rooms, mainiacjoe_overflow_cross_hatched, temple_fountains,
          nicolae_shop_firing_range, uniq_prince_ribbit1
Sewer:    sewer_co_cracked_pipes

Skill      XL: |  1 |
---------------+----+-----
Axes           | 2 |  2.0
Dodging        | 2 |  2.0
Fighting       | |  3.2
Armour         | |  0.6
Stealth        | |  4.5

Action                   || total
-------------------------++-------
Melee: Hand axe          ||    31
  Use: Scroll            ||     6
       Potion            ||     1
 Stab: Sleeping          ||     1
Armor: Leather armour    ||    11
Dodge: Dodged            ||    36

Table legend: (Time is in decaauts)
 A = Elapsed time spent in this place.
 B = Non-inter-level travel time spent in this place.
 C = Inter-level travel time spent in this place.
 D = Time resting spent in this place.
 E = Time spent auto-exploring this place.
 F = Levels seen in this place.
 G = Mean time per level.
                   A        B        C        D        E       F      G
               +--------+--------+--------+--------+--------+-----+--------+
         Total |    641 |    641 |      0 |    216 |    248 |   3 |  213.7 |
       Dungeon |     74 |     74 |      0 |      0 |     10 |   2 |   37.0 |
         Sewer |    566 |    566 |      0 |    216 |    238 |   1 |  566.0 |
               +--------+--------+--------+--------+--------+-----+--------+

Top non-repeatable levels by time:
   Sewer: 566 daAuts
     D:4: 52 daAuts
     D:5: 22 daAuts
